 Dungeon Crawl Stone Soup version 0.24-a0-264-gf46a388 (webtiles) character file.

Game seed: 11846687980558401499

72 Hasart the Cutter (level 4, -1/27 HPs)
             Began as a Kobold Gladiator on Apr 20, 2019.
             Slain by a hobgoblin
             ... wielding a +0 club
              (5 damage)
             ... on level 2 of the Dungeon.
             The game lasted 00:04:21 (1408 turns).

Hasart the Cutter (Kobold Gladiator)                Turns: 1408, Time: 00:04:21

Health: -1/27      AC:  4    Str: 12    XL:     4   Next: 50%
Magic:  4/4        EV: 16    Int:  9    God:
Gold:   29         SH:  0    Dex: 16    Spells: 3/3 levels left

rFire    . . .     SeeInvis .   a - +0 rapier
rCold    . . .     Gourm    .   (shield restricted)
rNeg     . . .     Faith    .   b - +0 leather armour
rPois    .         Spirit   .   c - +0 helmet
rElec    .         Reflect  .   (no cloak)
rCorr    .         Harm     .   (no gloves)
MR       +....                  (no boots)
Stlth    ++........             (no amulet)
HPRegen  0.09/turn              k - ring of protection from magic
MPRegen  0.09/turn              (no ring)

@: lethally poisoned (-1 -> -6)
A: small, carnivore
a: no special abilities


You were on level 2 of the Dungeon.
You were completely stuffed.

You visited 1 branch of the dungeon, and saw 2 of its levels.

You collected 29 gold pieces.

Inventory:

Hand Weapons
 a - a +0 rapier (weapon)
Missiles
 d - 3 throwing nets (quivered)
Armour
 b - a +0 leather armour (worn)
 c - a +0 helmet (worn)
Jewellery
 k - a ring of protection from magic (left hand)
Scrolls
 e - 2 scrolls of immolation {unknown}
 g - a scroll of enchant weapon {unknown}
 h - a scroll of identify {unknown}
 j - a scroll of remove curse {unknown}
 l - a scroll of magic mapping {unknown}
Potions
 i - a potion of curing {unknown}
Comestibles
 f - a ration


   Skills:
 + Level 2.8 Fighting
 * Level 5.1 Short Blades
 - Level 2.1 Throwing
 + Level 1.0 Armour
 + Level 4.0 Dodging
 + Level 1.8 Stealth


You had 3 spell levels left.
You didn't know any spells.
Your spell library was empty.

Dungeon Overview and Level Annotations

Branches:
Dungeon (2/15)

Altars:


Innate Abilities, Weirdness & Mutations

You are small and have problems with some larger weapons.
You are carnivorous and can eat meat at any time.


Message History

The bat hits you but does no damage.
You hit the bat.
The bat is moderately wounded.
The bat completely misses you. The hobgoblin hits you with a +0 club.
* * * LOW HITPOINT WARNING * * *
The frilled lizard closely misses you.
You feel sick. The bat misses you. The bat barely misses you.
You hit the bat.
You kill the bat!
The hobgoblin misses you.
You hit the hobgoblin but do no damage.
You feel sick. The hobgoblin hits you with a +0 club.
* * * LOW HITPOINT WARNING * * *
You hit the hobgoblin.
The hobgoblin is moderately wounded.
The hobgoblin barely misses you.
You barely miss the hobgoblin.
The hobgoblin is moderately wounded.
The hobgoblin hits you with a +0 club.
You die...

......#.#.# #.####
.....#...## #.#
#........# #.#
#........####.#
+...........#.#
#........##.#.####
#........##.#.....
#†#####..##.######
#@.# ##.##.#
#####g#####.##.#
#$...†...)#.##.#
#$#.#.#.#%#.##.#
##.......##....#
###.#.####..###
..... ##..#
.#.#.##...# ##
..##....########


You could see a hobgoblin.

Vanquished Creatures
  An adder (D:2)
  A gnoll (D:1)
  A dart slug (D:1)
  4 leopard geckos
  2 giant cockroaches (D:1)
  5 goblins (D:1)
  6 hobgoblins (D:1)
  3 jackals (D:1)
  A quokka (D:2)
  10 bats
  A frilled lizard (D:1)
  4 kobolds
  5 rats
44 creatures vanquished.

Notes
Turn   | Place    | Note
-------+----------+-------------------------------------------
     0 | D:1      | Hasart the Kobold Gladiator began the quest for the Orb.
     0 | D:1      | Reached XP level 1. HP: 12/12 MP: 1/1
   129 | D:1      | Reached XP level 2. HP: 12/17 MP: 2/2
   371 | D:1      | Reached skill level 1 in Stealth
   484 | D:1      | Reached XP level 3. HP: 22/22 MP: 3/3
  1049 | D:1      | Reached skill level 5 in Short Blades
  1049 | D:1      | Reached XP level 4. HP: 24/27 MP: 4/4
  1401 | D:2      | Reached skill level 1 in Armour
  1408 | D:2      | Slain by a hobgoblin

Levels and vault maps discovered:
D:1:      wander_arrival_desolate, layout_basic
D:2:      minmay_spotlight, layout_basic, chequers_ecumenical_altar_twisty,
          serial_undead, serial_undead_d, serial_undead_b, serial_undead_c,
          serial_undead_b, serial_undead_e, serial_undead_a

Skill      XL: |  1  2  3  4 |
---------------+-------------+-----
Stealth        | 1 |  1.8
Short Blades   | 5 |  5.1
Dodging        | 4 |  4.0
Armour         | 1 |  1.0
Fighting       | |  2.8
Throwing       | |  2.1

Action                   |  1- 3 |  4- 6 || total
-------------------------+-------+-------++-------
Melee: Rapier            |   125 |    38 ||   163
 Stab: Sleeping          |     3 |       ||     3
       Distracted        |     1 |       ||     1
  Eat: Chunk             |     9 |     1 ||    10
Armor: Leather armour    |    38 |     9 ||    47
Dodge: Dodged            |   145 |    44 ||   189

Table legend:
 A = Non-vault XP
 B = Vault XP
 C = Vault XP percentage of total XP
 D = Non-vault monster count
 E = Vault monster count
 F = Vault count percentage of total count
                 A         B        C        D         E       F
            +---------+---------+-------+---------+---------+-------
      Total |      86 |      18 |  17.3 |      40 |       4 |   9.1
            +---------+---------+-------+---------+---------+-------
        D:1 |      78 |       0 |   0.0 |      36 |       0 |   0.0
        D:2 |       8 |      18 |  69.2 |       4 |       4 |  50.0
            +---------+---------+-------+---------+---------+-------
